 Dungeon Crawl Stone Soup version 0.16.2-12-gd0ad4c3 (webtiles) character file.

37342 HANFGEIST the Spry (level 13, -13/68 HPs)
             Began as a Spriggan Air Elementalist on Oct 7, 2015.
             Was the Champion of Nemelex Xobeh.
             Mangled by a cyan very ugly thing (19 damage)
             ... summoned by the player character
             ... on level 8 of the Lair of Beasts.
             The game lasted 01:58:03 (19397 turns).

HANFGEIST the Spry (Spriggan Air Elementalist)     Turns: 19397, Time: 01:58:05

Health: -13/68     AC:  8    Str:  4    XL:     13   Next: 57%
Magic:  0/32       EV: 37    Int: 21    God:    Nemelex Xobeh [******]
Gold:   1127       SH:  0    Dex: 26    Spells: 6 memorised, 5 levels left

rFire  . . .     SeeInvis +     f - +4 morningstar "Ogreslayer" {venom, Dex+4}
rCold  . . .     Clarity  .     o - +2 robe {rN+}
rNeg   + . .     SustAb   .     (shield restricted)
rPois  .         Gourm    .     e - +1 hat {Spirit}
rElec  .         Spirit   +     s - +2 cloak
rCorr  .         Warding  .     (gloves unavailable)
rMut   .         Stasis   .     (boots unavailable)
MR     ++...                    X - amulet of regeneration
Stlth  +++.......               C - +5 ring of dexterity
                                n - +4 ring of slaying

@: repel missiles, very quick, very resistant to hostile enchantments, fairly
stealthy
A: unfitting armour, horns 1, see invisible, herbivore 3, speed 3, slow
metabolism 2
a: Triple Draw, Deal Four, Stack Five, Renounce Religion


You were on level 8 of the Lair of Beasts.
You worshipped Nemelex Xobeh.
Nemelex Xobeh was exalted by your worship.
You were not hungry.

You visited 3 branches of the dungeon, and saw 19 of its levels.
You also visited: Labyrinth and Sewer.

You collected 1161 gold pieces.

Inventory:

Hand weapons
 f - the +4 morningstar "Ogreslayer" (weapon) {venom, Dex+4}
   (You found it in a labyrinth)

   It poisons the flesh of those it strikes.
   It affects your dexterity (+4).
 w - a +4 short sword of venom
 z - a +3 blowgun
Missiles
 a - 2 curare-tipped needles
 A - 2 throwing nets
 J - 3 poisoned needles
 P - 12 tomahawks (quivered)
Armour
 e - a +1 hat of spirit shield (worn)
 o - a +2 robe of positive energy (worn)
 s - a +2 cloak (worn)
Magical staves
 g - an uncursed staff of air
Rods
 R - a -3 rod of shadows (9/9)
   (You found it on level 7 of the Lair of Beasts)
Jewellery
 n - a +4 ring of slaying (left hand)
 p - an uncursed ring of poison resistance
 C - a +5 ring of dexterity (right hand)
 L - an uncursed ring of protection from magic
 X - an amulet of regeneration (around neck)
 Z - an uncursed amulet of resist corrosion
Magical devices
 k - a wand of invisibility (5)
 x - a wand of fire (5)
 E - a wand of draining (0)
 G - a wand of heal wounds (9)
 N - a wand of polymorph (1)
 W - a wand of invisibility (0)
Scrolls
 i - 5 scrolls of remove curse
 j - a scroll of fog {unknown}
 l - 6 scrolls of fear
 m - a scroll of silence {unknown}
 u - 2 scrolls of enchant armour
 v - 3 scrolls of blinking
 B - 5 scrolls of teleportation
 F - 2 scrolls of immolation
 H - 3 scrolls of noise {unknown}
 M - a scroll of brand weapon {unknown}
 Q - 2 scrolls of magic mapping
Potions
 b - a potion of beneficial mutation {unknown}
 d - 5 potions of haste
 h - 5 potions of curing
 q - 2 potions of might
 D - a potion of agility
 I - 3 potions of heal wounds
Books
 t - a book of Beasts

   Spells                             Type                      Level
   a - Summon Butterflies             Summoning                    1
   b - Call Canine Familiar           Summoning                    3
   c - Summon Ice Beast               Ice/Summoning                4
   d - Summon Mana Viper              Hexes/Summoning              5
   e - Monstrous Menagerie            Summoning                    6
   f - Summon Hydra                   Summoning                    7
Miscellaneous
 r - an ornate deck of war {drawn: 2}
 y - a box of beasts {used: 7}
 K - an ornate deck of destruction {drawn: 1}
 O - a legendary deck of war {drawn: 1}
 S - an ornate deck of escape
 T - a plain deck of escape {drawn: 7}
 V - a plain deck of war {drawn: 5}
 Y - a plain deck of wonders {drawn: 4}
Comestibles
 c - 6 bread rations
 U - a royal jelly


   Skills:
 * Level 7.9 Fighting
 + Level 16.4 Dodging
 - Level 3.0 Stealth
 * Level 5.8 Spellcasting
 + Level 7.2 Conjurations
 + Level 5.1 Necromancy
 + Level 9.7 Air Magic
 - Level 13.1 Evocations


You had 5 spell levels left.
You knew the following spells:

 Your Spells              Type           Power        Failure   Level  Hunger
a - Shock                 Conj/Air       ####         1%          1    None
b - Repel Missiles        Chrm/Air       ####..       1%          2    None
c - Flight                Chrm/Air       ####......   4%          3    ##.....
d - Static Discharge      Conj/Air       #####...     1%          3    ##.....
e - Lightning Bolt        Conj/Air       #####.....   12%         5    #####..
f - Animate Dead          Necr           N/A          14%         4    ####...


Dungeon Overview and Level Annotations

Branches:
Dungeon (10/15)            Temple (1/1) D:4            Lair (8/8) D:10
 Shoals (0/5) Lair:3       Spider (0/5) Lair:4          Orc (0/4) D:10
  Slime: Lair:6-8

Altars:
Ashenzari
Dithmenos
Elyvilon
Fedhas
Nemelex Xobeh
Ru
Sif Muna
Vehumet
Xom
Yredelemnul
Zin
The Shining One

Shops:
D:4 =

Annotations:
D:3 Musteatbrain's ghost, average GrFi
D:4 Vex's ghost, average TrMo
D:8 HANFGEIST's ghost, experienced SpAE


Innate Abilities, Weirdness & Mutations

You are tiny and cannot use many weapons and most armour.
You have supernaturally acute eyesight.
You are a herbivore.
You cover ground extremely quickly.
You need consume almost no food.
You have a pair of small horns on your head.


Message History

The yak completely misses you. The yak gores you.
Unknown command.
You hit the yak.
You kill the yak!
The yak completely misses you. The cyan very ugly thing misses you.
Unknown command.
You completely miss the yak.
The yak is moderately wounded.
The yak closely misses you.
The cyan very ugly thing completely misses you.
The yak completely misses you.
You puncture the yak!
The yak is poisoned.
You headbutt the yak.
The yak is severely wounded.
The cyan very ugly thing headbutts you! The cyan very ugly thing shocks you!!
* * * LOW HITPOINT WARNING * * *
The yak completely misses you. The cyan very ugly thing headbutts you.
* * * LOW HITPOINT WARNING * * *
The cyan very ugly thing shocks you!!
You die...
Your body glows slightly and disappears.

#...)....#
#.......##
#P.......#
#.P...#.##
#.#...# #
###..##
#..†.#
##uY.#
#@### ###


You could see a cyan very ugly thing and a yak.

Vanquished Creatures
  Snorg (Lair:3)
  4 hydras
  A death yak (Lair:6)
  A skeletal warrior (D:10)
  A griffon (Lair:5)
  3 black mambas
  8 elephants
  A torpor snail (Lair:5)
  9 spiny frogs
  3 komodo dragons
  A fire drake (Lair:3)
  2 trolls (D:9)
  2 polar bears
  A two-headed ogre (D:10)
  A wandering mushroom (Lair:7)
  11 blink frogs
  A wraith (D:10)
  3 basilisks
  A trapdoor spider (Lab)
  30 yaks
  A shadow (Lab)
  A wyvern (D:10)
  A spriggan (D:6)
  A hippogriff (Lair:4)
  Grum (D:10)
  10 wolves
  2 wargs (D:10)
  A hungry ghost (D:8)
  11 water moccasins
  4 porcupines
  2 soldier ants
  A swamp drake (Lair:3)
  5 ogres
  An orc warrior (D:8)
  A wasp (D:10)
  2 warg zombies (D:10)
  A black bear (D:9)
  2 boring beetles (Lair:4)
  9 crocodiles
  2 centaurs
  7 big kobolds
  12 giant frogs
  A water moccasin zombie (D:9)
  4 scorpions
  A water moccasin skeleton (D:7)
  13 wights
  5 killer bees (D:8)
  2 quasits
  2 electric eels
  A goliath beetle (D:9)
  A wasp zombie (D:6)
  A jelly (D:6)
  3 crimson imps
  A centaur skeleton (D:4)
  3 orc wizards
  Crazy Yiuf (D:2)
  11 hounds
  4 orc priests
  A giant frog skeleton (D:6)
  6 worker ants
  3 iguanas
  29 sheep
  A killer bee zombie (D:5)
  Ijyb (D:3)
  2 hound zombies
  A worker ant zombie (D:6)
  36 river rats
  23 adders
  9 gnolls
  A shadow imp (D:10)
  2 giant mites
  A worm (D:2)
  A giant eyeball (D:9)
  3 adder skeletons
  3 giant geckos
  2 oozes
  18 orcs
  3 bat skeletons
  5 giant cockroaches
  10 goblins
  15 hobgoblins
  10 jackals
  57 kobolds
  16 quokkas
  11 bats
  A giant gecko skeleton (D:8)
  2 giant newts (D:1)
  A giant spore (D:7)
  A jackal skeleton (D:4)
  2 kobold zombies (D:10)
  A quokka zombie (D:7)
  22 rats
  2 ballistomycetes (D:7)
  3 fungi
  2 plants
524 creatures vanquished.

Vanquished Creatures (collateral kills)
  A minotaur (Lab)
  Harold (Lair:5)
  A hydra (Lair:8)
  The ghost of HANFGEIST the Spry, a powerful SpAE of Nemelex Xobeh (Lair:4)
  A catoblepas (Lair:6)
  4 death yaks (Lair:6)
  5 elephants
  2 black mambas
  A torpor snail (Lair:5)
  4 spiny frogs
  A fire drake (Lair:1)
  4 yaks
  A hippogriff (Lair:4)
  A porcupine (Lair:6)
  A water moccasin (Lair:6)
  A giant frog (Lair:1)
  A scorpion (D:7)
  A crimson imp (D:8)
  2 orc wizards (D:7)
  An iguana (Lair:1)
  3 sheep
  6 river rats (Lair:7)
  An ooze (D:7)
  An orc (D:7)
  A kobold (D:7)
  A fungus (Lair:6)
  A plant (Lair:6)
49 creatures vanquished.

Vanquished Creatures (others)
  A rakshasa (Lair:1)
  An ugly thing (Lair:8)
  2 yaktaurs (Lair:1)
  A dancing weapon (Lair:2)
  2 air elementals (D:10)
  2 chimeras (Lair:6)
  A water moccasin zombie (Lair:7)
  A yak zombie (Lair:6)
  A hound zombie (Lair:7)
  An adder zombie (Lair:7)
  2 sheep zombies (Lair:6)
  A giant spore (D:10)
  A ballistomycete (D:10)
  6 fungi
  2 plants
25 creatures vanquished.

Grand Total: 598 creatures vanquished

Notes
Turn   | Place    | Note
--------------------------------------------------------------
     0 | D:1      | HANFGEIST, the Spriggan Air Elementalist, began the quest for the Orb.
     0 | D:1      | Reached XP level 1. HP: 9/9 MP: 4/4
   229 | D:1      | You fall through a shaft!
   241 | D:2      | Reached XP level 2. HP: 13/13 MP: 5/7
   244 | D:2      | Reached skill level 1 in Conjurations
   680 | D:1      | Reached skill level 4 in Dodging
  1022 | D:2      | Reached XP level 3. HP: 16/16 MP: 9/9
  1208 | D:2      | Found a sacrificial altar of Ru.
  1391 | D:2      | Reached XP level 4. HP: 21/21 MP: 1/12
  1392 | D:2      | Reached skill level 5 in Dodging
  1545 | D:2      | Noticed Crazy Yiuf
  1579 | D:2      | Killed Crazy Yiuf
  1579 | D:2      | Reached XP level 5. HP: 24/24 MP: 12/14
  1669 | D:3      | Reached skill level 6 in Dodging
  1991 | D:3      | Noticed Ijyb
  2004 | D:3      | Killed Ijyb
  2011 | D:3      | Noticed Musteatbrain's ghost (average GrFi)
  2404 | D:3      | Reached XP level 6. HP: 28/28 MP: 17/17
  2611 | D:4      | Noticed Vex's ghost (average TrMo)
  2707 | D:4      | Reached skill level 7 in Dodging
  2715 | D:4      | Found Usagorau's Jewellery Shop.
  2839 | D:4      | Found a staircase to the Ecumenical Temple.
  2851 | D:4      | Reached skill level 8 in Dodging
  2879 | D:4      | Reached XP level 7. HP: 25/32 MP: 16/19
  2912 | D:4      | Found a glowing drain.
  2916 | Sewer    | Entered a sewer
  3016 | Sewer    | Found a glowing silver altar of Zin.
  3151 | Temple   | Entered the Ecumenical Temple
  3159 | Temple   | Became a worshipper of Nemelex Xobeh the Trickster
  3211 | D:4      | Received a gift from Nemelex Xobeh
  3878 | D:5      | Entered Level 5 of the Dungeon
  3944 | D:5      | Reached skill level 1 in Evocations
  4143 | D:5      | Learned a level 2 spell: Repel Missiles
  4147 | D:5      | Learned a level 3 spell: Flight
  4152 | D:5      | Learned a level 3 spell: Static Discharge
  4197 | D:5      | Noticed Grinder
  4202 | D:5      | Noticed Grinder
  4202 | D:5      | Grinder changed into Grinder the quasit
  4209 | D:5      | Killed Grinder the quasit
  4258 | D:5      | Received a gift from Nemelex Xobeh
  4288 | D:5      | Reached skill level 1 in Fighting
  4611 | D:5      | Reached XP level 8. HP: 30/37 MP: 12/20
  4785 | D:5      | Reached skill level 5 in Evocations
  5480 | D:6      | Reached skill level 5 in Air Magic
  5556 | D:6      | Found a blossoming altar of Fedhas.
  5558 | D:6      | Received a gift from Nemelex Xobeh
  5756 | D:6      | Reached skill level 9 in Dodging
  5808 | D:6      | Found a white marble altar of Elyvilon.
  5920 | D:6      | Received a gift from Nemelex Xobeh
  6527 | D:7      | Received a gift from Nemelex Xobeh
  6715 | D:7      | Reached XP level 9. HP: 43/43 MP: 16/24
  6850 | D:7      | Found a shadowy altar of Dithmenos.
  6896 | D:7      | Found a shimmering altar of Xom.
  6898 | D:7      | Found a radiant altar of Vehumet.
  7121 | D:8      | Reached skill level 10 in Dodging
  7154 | D:8      | Found a basalt altar of Yredelemnul.
  7155 | D:8      | Noticed a profane servitor
  7162 | D:8      | Found a glowing golden altar of the Shining One.
  7162 | D:8      | Acquired Nemelex Xobeh's first power
  7318 | D:8      | Received a gift from Nemelex Xobeh
  7485 | D:8      | Noticed an angel
  7568 | D:8      | Noticed HANFGEIST's ghost (experienced SpAE)
  8302 | D:9      | Reached skill level 10 in Evocations
  8341 | D:9      | Received a gift from Nemelex Xobeh
  8410 | D:9      | Reached XP level 10. HP: 49/49 MP: 27/27
  8480 | D:9      | Reached skill level 11 in Dodging
  8830 | D:9      | Received a gift from Nemelex Xobeh
  8893 | D:9      | Acquired Nemelex Xobeh's second power
  9270 | D:10     | Entered Level 10 of the Dungeon
  9710 | D:10     | Noticed a skeletal warrior
  9768 | D:10     | Killed a skeletal warrior
  9816 | D:10     | Reached skill level 5 in Fighting
  9861 | D:10     | Found a staircase to the Orcish Mines.
 10010 | D:10     | Noticed Grum
 10038 | D:10     | Killed Grum
 10038 | D:10     | Reached skill level 12 in Dodging
 10240 | D:10     | Found a staircase to the Lair.
 10421 | D:10     | Reached XP level 11. HP: 49/56 MP: 29/29
 11394 | D:10     | Learned a level 5 spell: Lightning Bolt
 11397 | Lair:1   | Entered Level 1 of the Lair of Beasts
 11569 | Lair:1   | Reached skill level 5 in Conjurations
 11635 | Lair:1   | Received a gift from Nemelex Xobeh
 11635 | Lair:1   | Noticed a six-headed hydra
 11655 | Lair:1   | Killed a six-headed hydra
 11667 | Lair:1   | Reached skill level 5 in Spellcasting
 11781 | Lair:1   | Found a labyrinth entrance.
 11808 | Lab      | Entered a labyrinth
 12023 | Lab      | Reached skill level 13 in Dodging
 12060 | Lab      | Got an ichor-stained morningstar
 12061 | Lab      | Identified the +4 morningstar "Ogreslayer" {venom, Dex+4} (You found it in a labyrinth)
 12380 | Lab      | Noticed a minotaur
 12424 | Lab      | Killed a minotaur
 12441 | Lab      | Got a thick robe
 12490 | Lab      | Identified the cursed -4 robe "Clobug" {rElec MR++ Regen+ rCorr Int-5} (You found it in a labyrinth)
 12529 | Lair:1   | Learned a level 4 spell: Animate Dead
 12673 | Lair:2   | Drew Focus: Int increased to 21, Str decreased to 3
 13245 | Lair:2   | Received a gift from Nemelex Xobeh
 13369 | Lair:2   | Acquired Nemelex Xobeh's third power
 13732 | Lair:3   | Noticed Snorg
 13837 | Lair:3   | Killed Snorg
 13837 | Lair:3   | Reached skill level 1 in Necromancy
 13893 | Lair:3   | Found a staircase to the Shoals.
 14003 | Lair:3   | Reached XP level 12. HP: 40/61 MP: 22/31
 14243 | Lair:3   | Reached skill level 14 in Dodging
 14654 | Lair:3   | Received a gift from Nemelex Xobeh
 15080 | Lair:4   | Got a warped blowgun
 15081 | Lair:4   | Identified the +2 blowgun "Thovvio" {evade, rC- rN+ Str+12} (You found it on level 4 of the Lair of Beasts)
 15097 | Lair:4   | Noticed a six-headed hydra
 15171 | Lair:4   | Noticed HANFGEIST's ghost (powerful SpAE)
 15193 | Lair:4   | Killed HANFGEIST's ghost
 15225 | Lair:4   | Killed a six-headed hydra
 15284 | Lair:4   | Found a hole to the Spider Nest.
 15498 | Lair:4   | XOM: confuse monster(s)
 16296 | Lair:5   | Noticed an eight-headed hydra
 16338 | Lair:5   | Reached skill level 15 in Dodging
 16559 | Lair:5   | Noticed Harold
 16589 | Lair:5   | Killed Harold
 16623 | Lair:5   | Noticed a six-headed hydra
 16631 | Lair:5   | Killed a six-headed hydra
 17141 | Lair:6   | Reached XP level 13. HP: 61/67 MP: 29/32
 17237 | Lair:6   | Noticed a six-headed hydra
 17246 | Lair:6   | Killed a six-headed hydra
 17332 | Lair:6   | Received a gift from Nemelex Xobeh
 17361 | Lair:6   | Reached skill level 16 in Dodging
 17905 | Lair:6   | Received a gift from Nemelex Xobeh
 18261 | Lair:6   | Gained mutation: You have a pair of small horns on your head. [helix card]
 18396 | Lair:7   | Received a gift from Nemelex Xobeh
 18749 | Lair:7   | Identified a cursed -3 rod of shadows (9/9) (You found it on level 7 of the Lair of Beasts)
 18948 | Lair:7   | Reached skill level 5 in Necromancy
 19024 | Lair:7   | Received a gift from Nemelex Xobeh
 19333 | Lair:8   | Entered Level 8 of the Lair of Beasts
 19348 | Lair:8   | Killed an eight-headed hydra
 19390 | Lair:8   | Noticed a cyan very ugly thing
 19397 | Lair:8   | Mangled by a cyan very ugly thing

Action                   |  1- 3 |  4- 6 |  7- 9 | 10-12 | 13-15 || total
-------------------------+-------+-------+-------+-------+-------++-------
Melee: Dagger            |    39 |     2 |       |       |       ||    41
       Spear             |       |    86 |   191 |   161 |       ||   438
       Unarmed           |       |     7 |       |       |       ||     7
       Falchion          |       |    15 |    44 |       |       ||    59
       Whip              |       |       |    24 |    24 |       ||    48
       Flail             |       |       |     2 |       |       ||     2
       Morningstar       |       |       |       |   366 |   151 ||   517
 Fire: Blowgun           |       |     8 |   125 |   235 |       ||   368
Throw: Throwing net      |       |     3 |     3 |     3 |     1 ||    10
       Tomahawk          |       |       |       |    71 |    10 ||    81
 Cast: Shock             |    49 |    42 |    88 |    78 |     3 ||   260
       Static Discharge  |       |       |    28 |    70 |    22 ||   120
       Repel Missiles    |       |       |     1 |     2 |       ||     3
       Lightning Bolt    |       |       |       |     4 |       ||     4
       Flight            |       |       |       |     1 |       ||     1
       Animate Dead      |       |       |       |       |     7 ||     7
Evoke: Deck              |       |       |    22 |    46 |    11 ||    79
       Wand              |       |       |     3 |    53 |    13 ||    69
       Phantom mirror    |       |       |       |     1 |       ||     1
       Box of beasts     |       |       |       |     6 |     8 ||    14
       Rod               |       |       |       |       |     1 ||     1
  Use: Potion            |       |     3 |     3 |     2 |       ||     8
       Scroll            |       |     2 |     7 |    17 |     1 ||    27
 Stab: Sleeping          |     4 |    10 |     7 |    29 |     5 ||    55
       Held in net/web   |       |     1 |       |       |       ||     1
       Distracted        |       |     1 |     3 |    11 |     3 ||    18
       Invisible         |       |       |       |     3 |       ||     3
       Confused          |       |       |       |     2 |       ||     2
       Fleeing           |       |       |       |       |     1 ||     1
  Eat: Royal jelly       |       |       |     1 |     1 |       ||     2
       Bread ration      |       |       |     1 |     3 |     1 ||     5
       Fruit             |       |       |       |     1 |     2 ||     3
